 Dungeon Crawl Stone Soup version 0.21.1-1-g345015f (webtiles) character file.

3791 tidbits the Martial Artist (level 10, -3/115 HPs)
             Began as a Gnoll Transmuter on Feb 20, 2018.
             Was a Believer of Cheibriados.
             Slain by xccam's ghost (7 damage)
             ... on level 10 of the Dungeon.
             The game lasted 00:15:35 (1208 turns).

tidbits the Martial Artist (Gnoll Transmuter)       Turns: 1208, Time: 00:15:36

Health: -3/115     AC: 25    Str: 16 (17) XL:     10   Next: 16%
Magic:  19/21      EV:  2    Int: 28      God:    Cheibriados [**....]
Gold:   113        SH:  3    Dex: 22      Spells: 9/24 levels left

rFire    . . .     SeeInvis .     - Unarmed
rCold    . . .     Gourm    .   (no shield)
rNeg     + + +     Faith    .   (armour currently unavailable)
rPois    +         Spirit   .   (helmet currently unavailable)
rElec    .         Reflect  +   (cloak currently unavailable)
rCorr    .         Harm     .   (gloves currently unavailable)
MR       .....     NoTele   +   (boots currently unavailable)
Stlth    ++++......             p - +3 amulet of reflection
HPRegen  0.29/turn              (no ring)
MPRegen  0.17/turn              (no ring)

@: brilliant, tree-form, very slow
A: distributed training, strong nose
a: Bend Time, Renounce Religion


You were on level 10 of the Dungeon.
You worshipped Cheibriados.
Cheibriados was pleased with you.
You were not hungry.
You were a tree.
You visited 1 branch of the dungeon, and saw 10 of its levels.

You collected 113 gold pieces.

Inventory:

Hand Weapons
 a - a +2 hand axe of electrocution
   (You took it off an orc on level 6 of the Dungeon)
 d - a +0 dagger
 r - a +0 rapier
Missiles
 g - 6 arrows
 l - 24 stones
 n - a throwing net {!f}
 t - 13 tomahawks (quivered)
Armour
 s - a +0 robe
 B - the +1 leather armour "Esacush" (melded) {+Fly}
   (You found it on level 7 of the Dungeon)

   It lets you fly.
 C - a cursed +0 cloak (melded)
 F - a +0 pair of boots (melded)
Jewellery
 p - a +3 amulet of reflection (around neck)
   (You found it on level 6 of the Dungeon)
Scrolls
 m - a scroll of teleportation
 o - a scroll of blinking {unknown}
 u - 3 scrolls of amnesia
 v - a scroll of remove curse
Potions
 e - a potion of degeneration
 j - a potion of flight
 k - a potion of haste
Books
 f - a book of Changes

   Spells                             Type                      Level
   a - Beastly Appendage              Transmutation                1
   b - Sticks to Snakes               Transmutation                2
   c - Spider Form                    Transmutation/Poison         3
   d - Ice Form                       Ice/Transmutation            4
   e - Blade Hands                    Transmutation                5
Comestibles
 c - 13 rations


   Skills:
 + Level 6.3 Fighting
 + Level 5.7 Short Blades
 + Level 5.7 Long Blades
 + Level 5.7 Axes
 + Level 5.7 Maces & Flails
 + Level 5.7 Polearms
 + Level 5.7 Staves
 + Level 5.7 Slings
 + Level 5.7 Bows
 + Level 5.7 Crossbows
 + Level 5.7 Throwing
 + Level 5.7 Armour
 + Level 7.4 Dodging
 + Level 5.7 Stealth
 + Level 5.7 Shields
 + Level 8.8 Unarmed Combat
 + Level 7.7 Spellcasting
 + Level 4.7 Conjurations
 + Level 4.7 Hexes
 + Level 4.7 Charms
 + Level 4.7 Summonings
 + Level 4.7 Necromancy
 + Level 4.7 Translocations
 + Level 6.1 Transmutations
 + Level 4.7 Fire Magic
 + Level 4.7 Ice Magic
 + Level 4.7 Air Magic
 + Level 4.7 Earth Magic
 + Level 4.7 Poison Magic
 + Level 6.3 Invocations
 + Level 5.7 Evocations


You had 9 spell levels left.
You knew the following spells:

 Your Spells              Type           Power        Failure   Level  Hunger
e - Beastly Appendage     Tmut           ######       1%          1    None
h - Blade Hands           Tmut           ######....   1%          5    ####...
i - Ice Form              Ice/Tmut       ######..     1%          4    ##.....
k - Sticks to Snakes      Tmut           ######..     1%          2    None
p - Spider Form           Tmut/Pois      ######....   1%          3    None


Dungeon Overview and Level Annotations

Branches:
Dungeon (10/15)
 Temple: D:4-7         Lair: D:8-11         Orc: D:9-12

Altars:
Cheibriados
Hepliaklqana
Okawaru

Annotations:
D:10 xccam's ghost, journeyman TrMo


Innate Abilities, Weirdness & Mutations

Your experience applies equally to all skills.
((You have very sharp teeth.))
Your uncanny sense of smell can sniff out nearby items.


Message History

You barely miss xccam's ghost.
Xccam's ghost is lightly damaged.
Xccam's ghost hits you!
It was a potion of experience.
You feel more experienced!
Your Fighting skill gained 2 levels and is now at level 6!
Your Short Blades skill gained 2 levels and is now at level 5!
Your Long Blades skill gained 2 levels and is now at level 5!
Your Axes skill gained 2 levels and is now at level 5!
Your Maces & Flails skill gained 2 levels and is now at level 5!
Your Polearms skill gained 2 levels and is now at level 5!
Your Staves skill gained 2 levels and is now at level 5!
Your Slings skill gained 2 levels and is now at level 5!
Your Bows skill gained 2 levels and is now at level 5!
Your Crossbows skill gained 2 levels and is now at level 5!
Your Throwing skill gained 2 levels and is now at level 5!
Your Armour skill gained 2 levels and is now at level 5!
Your Dodging skill increases to level 7!
Your Stealth skill gained 2 levels and is now at level 5!
Your Shields skill gained 2 levels and is now at level 5!
Your Unarmed Combat skill increases to level 8!
Your Spellcasting skill increases to level 7!
Your Conjurations skill increases to level 4!
Your Hexes skill increases to level 4!
Your Charms skill increases to level 4!
Your Summonings skill increases to level 4!
Your Necromancy skill increases to level 4!
Your Translocations skill increases to level 4!
Your Transmutations skill increases to level 6!
Your Fire Magic skill increases to level 4!
Your Ice Magic skill increases to level 4!
Your Air Magic skill increases to level 4!
Your Earth Magic skill increases to level 4!
Your Poison Magic skill increases to level 4!
Your Invocations skill gained 2 levels and is now at level 6!
Your Evocations skill gained 2 levels and is now at level 5!
You have reached level 10!
Xccam's ghost hits you!!
It was a potion of brilliance.
You feel clever all of a sudden. Xccam's ghost hits you!!
* * * LOW HITPOINT WARNING * * *
You hear a croak.
You barely miss xccam's ghost.
Xccam's ghost is lightly damaged.
You barely miss xccam's ghost.
Xccam's ghost is lightly damaged.
Xccam's ghost hits you.
* * * LOW HITPOINT WARNING * * *
You hit xccam's ghost but do no damage. Your punch misses xccam's ghost.
Xccam's ghost is lightly damaged.
Xccam's ghost completely misses you.
A bullfrog comes into view.
The bullfrog swells and bulges.
A bullfrog comes into view.
Evoke which item? (* to show all) (? for menu, Esc to quit)
Aiming: Disintegrate
Press: ? - help, Shift-Dir - straight line, f - xccam's ghost
Aim: xccam's ghost (lightly damaged, chance to defeat MR: 43%) Xccam's ghost resists with some effort.
You block xccam's ghost's attack.
Evoke which item? (* to show all) (? for menu, Esc to quit)
Aiming: Disintegrate
Press: ? - help, Shift-Dir - straight line, f/p - xccam's ghost
Aim: xccam's ghost (lightly damaged, chance to defeat MR: 43%) Xccam's ghost resists with some effort.
The now-empty wand crumbles to dust.
Xccam's ghost flexes its fingers.
Xccam's ghost hits you!
* * * LOW HITPOINT WARNING * * *
You barely miss xccam's ghost.
Xccam's ghost is lightly damaged.
Xccam's ghost hits you but does no damage.
You smack xccam's ghost!
You punch xccam's ghost, but do no damage.
Xccam's ghost is moderately damaged.
Xccam's ghost barely misses you.
You closely miss xccam's ghost.
Xccam's ghost is moderately damaged.
Xccam's ghost hits you!
* * * LOW HITPOINT WARNING * * *
You pummel xccam's ghost!!
Xccam's ghost is heavily damaged.
You pummel xccam's ghost!!
Xccam's ghost is heavily damaged.
Xccam's ghost hits you but does no damage.
You smack xccam's ghost!
Xccam's ghost is severely damaged.
Xccam's ghost hits you!
* * * LOW HITPOINT WARNING * * *
Okay, then.
You barely miss xccam's ghost.
Xccam's ghost is severely damaged.
Xccam's ghost hits you!
* * * LOW HITPOINT WARNING * * *
Okay, then.
You smack xccam's ghost!
Xccam's ghost is severely damaged.
Xccam's ghost hits you but does no damage.
You pummel xccam's ghost!! You punch xccam's ghost.
Xccam's ghost is almost destroyed.
Xccam's ghost hits you!
You die...

#### ?F# #W#
#####♣#
#....S#
#<....#
#..........
#..........#.
#.#.....#.##
#.###.#.##.#
# #.#.# #..
#.#.# #.


You could see a bullfrog, xccam's ghost and a friendly ball python.

Vanquished Creatures
  Grinder (D:3)
  A hippogriff (D:8)
  Eustachio (D:6)
  2 sky beasts
  2 orc warriors
  2 ice beasts
  A phantom (D:8)
  2 ogres (D:7)
  A bullfrog (D:8)
  A big kobold (D:8)
  A scorpion (D:5)
  3 orc priests
  5 orc wizards
  A worker ant (D:3)
  A hound zombie (D:8)
  A worker ant zombie (D:8)
  4 adders
  2 shadow imps
  An ooze (D:1)
  20 orcs
  3 goblins
  3 hobgoblins
  6 jackals
  9 bats
  8 kobolds
  3 rats
85 creatures vanquished.

Vanquished Creatures (collateral kills)
  A hound (D:4)
  2 orcs
3 creatures vanquished.

Grand Total: 88 creatures vanquished

Notes
Turn   | Place    | Note
-------+----------+-------------------------------------------
     0 | D:1      | tidbits the Gnoll Transmuter began the quest for the Orb.
     0 | D:1      | Reached XP level 1. HP: 17/17 MP: 6/6
    51 | D:1      | Reached XP level 2. HP: 21/23 MP: 7/7
    56 | D:1      | Learned a level 2 spell: Sticks to Snakes
   103 | D:2      | Found a snail-covered altar of Cheibriados.
   107 | D:2      | Reached XP level 3. HP: 18/28 MP: 6/9
   116 | D:2      | Reached skill level 5 in Spellcasting
   128 | D:2      | Became a worshipper of Cheibriados the Contemplative
   185 | D:2      | Found a hazy altar of Hepliaklqana.
   237 | D:3      | Found a faded altar of an unknown god.
   247 | D:3      | Learned a level 3 spell: Spider Form
   257 | D:3      | Reached skill level 1 in Short Blades
   257 | D:3      | Reached skill level 1 in Long Blades
   257 | D:3      | Reached skill level 1 in Axes
   257 | D:3      | Reached skill level 1 in Maces & Flails
   257 | D:3      | Reached skill level 1 in Polearms
   257 | D:3      | Reached skill level 1 in Staves
   257 | D:3      | Reached skill level 1 in Slings
   257 | D:3      | Reached skill level 1 in Bows
   257 | D:3      | Reached skill level 1 in Crossbows
   257 | D:3      | Reached skill level 1 in Throwing
   257 | D:3      | Reached skill level 1 in Armour
   257 | D:3      | Reached skill level 1 in Stealth
   257 | D:3      | Reached skill level 1 in Shields
   257 | D:3      | Reached skill level 1 in Invocations
   257 | D:3      | Reached skill level 1 in Evocations
   257 | D:3      | Reached XP level 4. HP: 25/34 MP: 2/11
   352 | D:3      | Noticed Grinder
   366 | D:3      | Killed Grinder
   366 | D:3      | Reached skill level 3 in Fighting
   366 | D:3      | Reached skill level 1 in Conjurations
   366 | D:3      | Reached skill level 1 in Hexes
   366 | D:3      | Reached skill level 1 in Charms
   366 | D:3      | Reached skill level 1 in Summonings
   366 | D:3      | Reached skill level 1 in Necromancy
   366 | D:3      | Reached skill level 1 in Translocations
   366 | D:3      | Reached skill level 4 in Transmutations
   366 | D:3      | Reached skill level 1 in Fire Magic
   366 | D:3      | Reached skill level 1 in Ice Magic
   366 | D:3      | Reached skill level 1 in Air Magic
   366 | D:3      | Reached skill level 1 in Earth Magic
   366 | D:3      | Reached skill level 1 in Poison Magic
   366 | D:3      | Reached skill level 2 in Invocations
   366 | D:3      | Reached XP level 5. HP: 41/41 MP: 2/12
   366 | D:3      | Reached XP level 6. HP: 47/47 MP: 2/13
   411 | D:5      | Entered Level 5 of the Dungeon
   417 | D:5      | Reached skill level 5 in Dodging
   526 | D:6      | Reached skill level 2 in Short Blades
   526 | D:6      | Reached skill level 2 in Long Blades
   526 | D:6      | Reached skill level 2 in Axes
   526 | D:6      | Reached skill level 2 in Maces & Flails
   526 | D:6      | Reached skill level 2 in Polearms
   526 | D:6      | Reached skill level 2 in Staves
   526 | D:6      | Reached skill level 2 in Slings
   526 | D:6      | Reached skill level 2 in Bows
   526 | D:6      | Reached skill level 2 in Crossbows
   526 | D:6      | Reached skill level 2 in Throwing
   526 | D:6      | Reached skill level 2 in Armour
   526 | D:6      | Reached skill level 2 in Stealth
   526 | D:6      | Reached skill level 2 in Shields
   526 | D:6      | Reached skill level 2 in Evocations
   530 | D:6      | Noticed a sky beast
   536 | D:6      | Killed a sky beast
   547 | D:6      | Found an iron altar of Okawaru.
   559 | D:6      | Reached XP level 7. HP: 48/52 MP: 11/15
   587 | D:6      | Reached skill level 7 in Unarmed Combat
   612 | D:6      | Learned a level 4 spell: Ice Form
   618 | D:6      | Learned a level 5 spell: Blade Hands
   636 | D:6      | Reached * piety under Cheibriados
   645 | D:6      | Noticed Eustachio
   653 | D:6      | Killed Eustachio
   653 | D:6      | Reached skill level 2 in Conjurations
   653 | D:6      | Reached skill level 2 in Hexes
   653 | D:6      | Reached skill level 2 in Charms
   653 | D:6      | Reached skill level 2 in Summonings
   653 | D:6      | Reached skill level 2 in Necromancy
   653 | D:6      | Reached skill level 2 in Translocations
   653 | D:6      | Reached skill level 2 in Fire Magic
   653 | D:6      | Reached skill level 2 in Ice Magic
   653 | D:6      | Reached skill level 2 in Air Magic
   653 | D:6      | Reached skill level 2 in Earth Magic
   653 | D:6      | Reached skill level 2 in Poison Magic
   695 | D:7      | Reached skill level 3 in Invocations
   709 | D:7      | Got an obsidian-encrusted leather armour
   720 | D:7      | Identified the +1 leather armour "Esacush" {+Fly} (You found it on level 7 of the Dungeon)
   751 | D:7      | Reached XP level 8. HP: 25/60 MP: 14/16
   789 | D:7      | Reached skill level 4 in Fighting
   789 | D:7      | Reached skill level 3 in Short Blades
   789 | D:7      | Reached skill level 3 in Long Blades
   789 | D:7      | Reached skill level 3 in Axes
   789 | D:7      | Reached skill level 3 in Maces & Flails
   789 | D:7      | Reached skill level 3 in Polearms
   789 | D:7      | Reached skill level 3 in Staves
   789 | D:7      | Reached skill level 3 in Slings
   789 | D:7      | Reached skill level 3 in Bows
   789 | D:7      | Reached skill level 3 in Crossbows
   789 | D:7      | Reached skill level 3 in Throwing
   789 | D:7      | Reached skill level 3 in Armour
   789 | D:7      | Reached skill level 3 in Stealth
   789 | D:7      | Reached skill level 3 in Shields
   789 | D:7      | Reached skill level 3 in Evocations
   856 | D:8      | Reached skill level 6 in Spellcasting
   941 | D:8      | Reached ** piety under Cheibriados
   959 | D:8      | Noticed a hippogriff
   976 | D:8      | Killed a hippogriff
   976 | D:8      | Reached skill level 3 in Conjurations
   976 | D:8      | Reached skill level 3 in Hexes
   976 | D:8      | Reached skill level 3 in Charms
   976 | D:8      | Reached skill level 3 in Summonings
   976 | D:8      | Reached skill level 3 in Necromancy
   976 | D:8      | Reached skill level 3 in Translocations
   976 | D:8      | Reached skill level 3 in Fire Magic
   976 | D:8      | Reached skill level 3 in Ice Magic
   976 | D:8      | Reached skill level 3 in Air Magic
   976 | D:8      | Reached skill level 3 in Earth Magic
   976 | D:8      | Reached skill level 3 in Poison Magic
   976 | D:8      | Reached skill level 4 in Invocations
   979 | D:8      | Reached XP level 9. HP: 45/66 MP: 18/18
  1001 | D:8      | Reached skill level 6 in Dodging
  1001 | D:8      | Reached skill level 5 in Transmutations
  1180 | D:10     | Entered Level 10 of the Dungeon
  1185 | D:10     | Noticed xccam's ghost (journeyman TrMo)
  1193 | D:10     | Reached skill level 6 in Fighting
  1193 | D:10     | Reached skill level 5 in Short Blades
  1193 | D:10     | Reached skill level 5 in Long Blades
  1193 | D:10     | Reached skill level 5 in Axes
  1193 | D:10     | Reached skill level 5 in Maces & Flails
  1193 | D:10     | Reached skill level 5 in Polearms
  1193 | D:10     | Reached skill level 5 in Staves
  1193 | D:10     | Reached skill level 5 in Slings
  1193 | D:10     | Reached skill level 5 in Bows
  1193 | D:10     | Reached skill level 5 in Crossbows
  1193 | D:10     | Reached skill level 5 in Throwing
  1193 | D:10     | Reached skill level 5 in Armour
  1193 | D:10     | Reached skill level 7 in Dodging
  1193 | D:10     | Reached skill level 5 in Stealth
  1193 | D:10     | Reached skill level 5 in Shields
  1193 | D:10     | Reached skill level 8 in Unarmed Combat
  1193 | D:10     | Reached skill level 7 in Spellcasting
  1193 | D:10     | Reached skill level 4 in Conjurations
  1193 | D:10     | Reached skill level 4 in Hexes
  1193 | D:10     | Reached skill level 4 in Charms
  1193 | D:10     | Reached skill level 4 in Summonings
  1193 | D:10     | Reached skill level 4 in Necromancy
  1193 | D:10     | Reached skill level 4 in Translocations
  1193 | D:10     | Reached skill level 6 in Transmutations
  1193 | D:10     | Reached skill level 4 in Fire Magic
  1193 | D:10     | Reached skill level 4 in Ice Magic
  1193 | D:10     | Reached skill level 4 in Air Magic
  1193 | D:10     | Reached skill level 4 in Earth Magic
  1193 | D:10     | Reached skill level 4 in Poison Magic
  1193 | D:10     | Reached skill level 6 in Invocations
  1193 | D:10     | Reached skill level 5 in Evocations
  1193 | D:10     | Reached XP level 10. HP: 77/77 MP: 16/21
  1206 | D:10     | HP: 3/115 [xccam's ghost (15)]
  1208 | D:10     | Slain by xccam's ghost

Skill      XL: |  1  2  3  4  5  6  7  8  9 |
---------------+----------------------------+-----
Spellcasting   | 5 6 7 |  7.7
Short Blades   | 1 2 3 5 |  5.7
Long Blades    | 1 2 3 5 |  5.7
Axes           | 1 2 3 5 |  5.7
Maces & Flails | 1 2 3 5 |  5.7
Polearms       | 1 2 3 5 |  5.7
Staves         | 1 2 3 5 |  5.7
Slings         | 1 2 3 5 |  5.7
Bows           | 1 2 3 5 |  5.7
Crossbows      | 1 2 3 5 |  5.7
Throwing       | 1 2 3 5 |  5.7
Armour         | 1 2 3 5 |  5.7
Stealth        | 1 2 3 5 |  5.7
Shields        | 1 2 3 5 |  5.7
Invocations    | 1 2 3 4 6 |  6.3
Evocations     | 1 2 3 5 |  5.7
Fighting       | 3 4 6 |  6.3
Conjurations   | 1 2 3 4 |  4.7
Hexes          | 1 2 3 4 |  4.7
Charms         | 1 2 3 4 |  4.7
Summonings     | 1 2 3 4 |  4.7
Necromancy     | 1 2 3 4 |  4.7
Translocations | 1 2 3 4 |  4.7
Transmutations | 4 6 |  6.1
Fire Magic     | 1 2 3 4 |  4.7
Ice Magic      | 1 2 3 4 |  4.7
Air Magic      | 1 2 3 4 |  4.7
Earth Magic    | 1 2 3 4 |  4.7
Poison Magic   | 1 2 3 4 |  4.7
Dodging        | 5 7 |  7.4
Unarmed Combat | 7 8 |  8.8

Action                   |  1- 3 |  4- 6 |  7- 9 | 10-12 || total
-------------------------+-------+-------+-------+-------++-------
Melee: Unarmed           |    46 |    32 |   163 |    12 ||   253
       Headbutt          |    10 |       |       |       ||    10
       Punch             |     1 |       |     1 |     2 ||     4
 Cast: Beastly Appendage |    10 |     1 |       |       ||    11
       Sticks to Snakes  |     2 |     4 |     6 |       ||    12
       Spider Form       |     1 |     6 |    14 |       ||    21
 Abil: End Transformatio |       |     1 |     3 |       ||     4
Evoke: Wand              |       |     1 |    11 |     2 ||    14
  Use: Scroll            |     3 |     3 |     1 |       ||     7
       Potion            |       |     1 |     6 |     1 ||     8
 Stab: Sleeping          |     1 |     1 |     1 |       ||     3
  Eat: Chunk             |       |       |     2 |       ||     2
Armor: Robe              |    12 |       |       |       ||    12
       Skin              |       |     1 |     7 |     3 ||    11
       Leather armour    |       |       |     4 |       ||     4
Dodge: Dodged            |    34 |    16 |   138 |     2 ||   190
Block: Other             |       |       |    17 |     1 ||    18
       Reflection        |       |       |     2 |       ||     2

Table legend:
 A = Turns spent in this place as a percentage of turns spent in the entire game.
 B = Non-inter-level travel turns spent in this place as a percentage of non-inter-level travel turns spent in the entire game.
 C = Inter-level travel turns spent in this place as a percentage of turns spent in this place.
 D = Turns resting spent in this place as a percentage of non-inter-level travel turns spent in this place.
 E = Turns spent auto-exploring this place as a percentage of non-inter-level travel turns spent in this place.
 F = Non-inter-level travel turns spent in this place divided by the number of levels of this place that you've seen.
                   A       B       C       D       E      F
               +-------+-------+-------+-------+-------+----------------------
         Total | 100.0 | 100.0 |   0.0 |   0.0 |   0.0 | 120.8
       Dungeon | 100.0 | 100.0 |   0.0 |   0.0 |   0.0 | 120.8
               +-------+-------+-------+-------+-------+----------------------

Table legend:
 A = Kills in this place as a percentage of kills in entire the game.
 B = Kills by you in this place as a percentage of kills by you in the entire game.
 C = Kills by friends in this place as a percentage of kills by friends in the entire game.
 D = Other kills in this place as a percentage of other kills in the entire game.
 E = Experience gained in this place as a percentage of experience gained in the entire game.
 F = Experience gained in this place divided by the number of levels of this place that you have seen.
                   A       B       C       D       E      F
               +-------+-------+-------+-------+-------+----------------------
         Total | 100.0 | 100.0 | 100.0 |   N/A | 100.0 | 273.8
       Dungeon | 100.0 | 100.0 | 100.0 |   N/A | 100.0 | 273.8
               +-------+-------+-------+-------+-------+----------------------

Vault maps used:
D:1:      dpeg_arrival_long_road
D:2:      overflow_temple_1_default, old_standard_altar, lemuel_crystal_altar,
          first_ration, glass_columns_a, uniq_robin
D:3:      chequers_ecumenical_altar_simple_redux, uniq_grinder, uniq_natasha
D:4:      minmay_temple_entry_butterflies
D:5:      lemuel_coloured_pillars_altar, grunt_dithmenos_smoke_and_mirrors,
          hangedman_glass_teeth
D:6:      nicolae_overflow_hidden_temple, okawaru_ov_weapons_minmay,
          uniq_eustachio, uniq_pikel, uniq_blork_the_orc
D:7:      nicolae_overflow_crystal_walls, minmay_misc_feat_four_crosses,
          grunt_ogre_cave
D:8:      kennysheep_cluttered_room
D:9:      marbit_many_paths, erik_lair_orcish_takeover
D:10:     david_orc_4, st_stairs_10, uniq_erolcha
